 Dungeon Crawl Stone Soup version 0.19.5 (webtiles) character file.

42459 HouseofHex the Slinger (level 13, -5/70 HPs)
             Began as a Spriggan Fighter on Mar 27, 2017.
             Was a High Priest of Nemelex Xobeh.
             Hit by a large rock thrown by a cyclops (30 damage)
             ... on level 15 of the Dungeon.
             The game lasted 03:42:30 (27497 turns).

HouseofHex the Slinger (Spriggan Fighter)          Turns: 27497, Time: 03:42:31

Health: -5/70      AC:  8    Str: 12    XL:     13   Next: 85%
Magic:  21/21      EV: 28    Int: 14    God:    Nemelex Xobeh [*****.]
Gold:   527        SH: 16    Dex: 21    Spells: 4 memorised, 10 levels left

rFire  + . .     SeeInvis +     B - +5 hunting sling (velocity)
rCold  . . .     Gourm    .     L - +2 robe {rF+}
rNeg   . . .     Faith    .     c - +3 buckler
rPois  .         Spirit   .     Q - +1 hat
rElec  .         Reflect  +     u - +2 cloak
rCorr  .         Harm     .     (gloves unavailable)
MR     ++...                    (boots unavailable)
Stlth  ++++++....               o - +4 amulet of reflection
                                P - +5 ring of intelligence
                                j - ring of wizardry

@: very quick
A: unfitting armour, see invisible, blink, herbivore 3, speed 3, slow metabolism
2
a: Blink, Triple Draw, Deal Four, Stack Five, Renounce Religion


You were on level 15 of the Dungeon.
You worshipped Nemelex Xobeh.
Nemelex Xobeh was extremely pleased with you.
You were not hungry.

You visited 4 branches of the dungeon, and saw 19 of its levels.

You collected 1381 gold pieces.
You spent 854 gold pieces at shops.

Inventory:

Hand Weapons
 h - a +4 falchion of draining
 t - the cursed +0 great sword "Orb Guardian's Foe" {flame, *Contam +Rage Dex+4}
   (You found it on level 4 of the Dungeon)

   It has been specially enchanted to burn those struck by it, causing extra
   injury to most foes and up to half again as much damage against particularly
   susceptible opponents.
   Big, fiery blades are also staple armaments of hydra-hunters.
   It affects your dexterity (+4).
   It lets you go berserk.
   It causes magical contamination when unequipped.
   It has a curse placed upon it.
 B - a +5 hunting sling of velocity (weapon)
 N - the +9 short sword "Imaenail" {pierce, rPois rN+ MR-}
   (You found it on level 8 of the Dungeon)

   It inflicts extra damage upon your enemies.
   It protects you from poison.
   It protects you from negative energy.
   It affects your resistance to hostile enchantments.
Missiles
 g - 395 stones
 D - 13 sling bullets (quivered)
Armour
 c - a +3 buckler (worn)
 r - a +2 robe of fire resistance
 s - the cursed +1 leather armour "Sipupn" {Str+8 Int-4 Slay-3 SInv, unknown}
   (You found it on level 12 of the Dungeon)

   It affects your strength (+8).
   It affects your intelligence (-4).
   It affects your accuracy and damage with ranged weapons and melee attacks
   (-3).
   It lets you see invisible.
   It has a curse placed upon it.
 u - a +2 cloak (worn)
 w - a +1 shield of reflection
 C - a +2 troll leather armour {Snorg}
 L - a +2 robe of fire resistance (worn)
 M - +0 mottled dragon scales
 Q - a +1 hat (worn)
Magical Staves
 X - an uncursed staff of fire {unknown}
Jewellery
 e - an uncursed ring of positive energy
 j - a ring of wizardry (left hand)
 l - an uncursed ring of fire
 o - a +4 amulet of reflection (around neck)
 q - an uncursed ring of protection from magic
 x - a +3 ring of slaying
 H - a +5 ring of evasion
 P - a +5 ring of intelligence (right hand)
Wands
 a - a wand of disintegration (0/24)
 A - a wand of polymorph (5/24)
 R - a wand of flame (4/48)
 U - a wand of slowing (20/48)
 Z - a wand of polymorph (11/24)
Scrolls
 b - a scroll of holy word
 k - 6 scrolls of remove curse
 m - 2 scrolls of amnesia
 G - 5 scrolls of magic mapping
 J - 3 scrolls of identify
 K - a scroll of teleportation
Potions
 d - 3 potions of might
 i - a potion of lignification {unknown}
 n - a potion of mutation
 p - 6 potions of curing
 v - 2 potions of agility
 z - 2 potions of brilliance
 I - a potion of cure mutation {unknown}
 S - a potion of cancellation {unknown}
 V - a potion of heal wounds
Books
 F - a book of Necromancy

   Spells                             Type                      Level
   a - Pain                           Necromancy                   1
   b - Animate Skeleton               Necromancy                   1
   c - Vampiric Draining              Necromancy                   3
   d - Regeneration                   Charms/Necromancy            3
   e - Animate Dead                   Necromancy                   4
   f - Control Undead                 Necromancy                   4
 O - a book of Cantrips

   Spells                             Type                      Level
   a - Confusing Touch                Hexes                        1
   b - Animate Skeleton               Necromancy                   1
   c - Summon Small Mammal            Summoning                    1
   d - Apportation                    Translocation                1
Miscellaneous
 T - a legendary deck of summoning
 W - a crystal ball of energy
Comestibles
 f - 10 bread rations
 E - 16 fruits


   Skills:
 + Level 9.1 Fighting
 + Level 9.5(10.0) Short Blades
 + Level 3.6(5.9) Long Blades
 + Level 13.7 Slings
 + Level 10.8 Dodging
 + Level 13.6 Stealth
 * Level 6.9 Shields
 + Level 5.0 Spellcasting
 + Level 3.8 Necromancy
 + Level 4.2 Invocations
 + Level 0.3 Evocations


You had 10 spell levels left.
You knew the following spells:

 Your Spells              Type           Power        Failure   Level  Hunger
a - Animate Skeleton      Necr           N/A          1%          1    None
b - Animate Dead          Necr           N/A          16%         4    ####...
c - Control Undead        Necr           ##........   16%         4    ####...
d - Regeneration          Chrm/Necr      #.........   10%         3    ###....


Dungeon Overview and Level Annotations

Branches:
Dungeon (15/15)            Temple (1/1) D:4            Lair (1/6) D:10
    Orc (2/2) D:10         Vaults (0/5) D:13         Depths (0/5) D:15
    Elf: Orc:2

Altars:
Ashenzari
Cheibriados
Dithmenos
Elyvilon
Fedhas
Gozag
Hepliaklqana
Kikubaaqudgha
Makhleb
Nemelex Xobeh
Okawaru
Qazlal
Ru
Sif Muna
Trog
Uskayaw
Vehumet
Xom
Yredelemnul
Zin
The Shining One

Shops:
D:4 =   D:10 [   D:14 [

Portals:
Trove: D:15 (give 7 scrolls of blinking)

Annotations:
Lair:1 Nergalle


Innate Abilities, Weirdness & Mutations

You are very small and have problems with some larger weapons.
You are too small for most types of armour.
You have supernaturally acute eyesight. (SInv)
You are a herbivore.
You cover ground extremely quickly.
You need consume almost no food.
You can translocate small distances at will.


Message History

D - 13 sling bullets (gained 1)
You see here a meat ration.
You see here a leather armour.
You see here a meat ration.
Done exploring.
You see here a meat ration.
You see here a hand axe.
There is a stone staircase leading down here.
You climb downwards.
Found 15 gold pieces.
There is a stone staircase leading up here.
There is a stone staircase leading up here.
You now have 527 gold pieces (gained 19).
The cyclops shouts!
You hear a roar!
You hear a shout!
The cyclops throws a large rock.
The large rock hits you!!!
Ouch! That really hurt!
You see here a large rock.
The cyclops throws a large rock.
The large rock hits you!!
You die...
Your body glows with a rainbow of weird colours and disappears.

#.....(..........*
#...((..###DC.###* ##
#...((..###.#..# .##
#.......#.#.##.### (.##
#(......#.$......#
#ยง(###(T.....###.##...#
##.(T.....(####.(.#*###
#########........#
######.@.# #...# #...#
#...# #####


You could see a six-headed hydra and a cyclops.

Vanquished Creatures
  Kirke (D:13)
  A ghost moth (shapeshifter) (D:14)
  Snorg (D:13)
  Josephine (D:13)
  A hydra (D:13)
  3 centaur warriors (D:14)
  3 tengu warriors
  Urug (D:14)
  An unseen horror (D:12)
  5 hill giants
  A harpy (D:12)
  Pikel (D:7)
  7 ugly things (D:14)
  2 deep elf magi (D:14)
  A wolf spider zombie (D:13)
  A manticore (D:13)
  3 cyclopes
  4 slime creatures
  A black mamba (Lair:1)
  Maurice (D:9)
  2 gargoyles
  A centaur skeleton (D:11)
  Psyche (D:8)
  A rime drake (Lair:1)
  2 efreet (D:14)
  5 kobold demonologists
  6 trolls
  A two-headed ogre (shapeshifter) (D:14)
  A two-headed ogre (D:8)
  A hornet (D:12)
  A meliai zombie (D:13)
  3 hippogriffs
  2 blink frogs
  2 shadows
  3 wraiths
  A hog (D:13)
  6 yaks
  3 basilisks
  A hungry ghost (D:7)
  5 vampire mosquitoes
  3 mottled dragons (D:14)
  A soldier ant (shapeshifter) (D:6)
  2 hell hounds (D:10)
  A porcupine (Lair:1)
  7 orc warriors
  2 black bears
  5 sky beasts
  3 slaves (D:5)
  A phantom (D:13)
  5 necrophages
  An eye of draining (D:10)
  7 ice beasts
  A boggart (D:14)
  4 centaurs
  8 ogres
  2 crocodiles
  A big kobold (D:13)
  10 bullfrogs
  2 gnoll sergeants
  2 scorpions
  A wyvern skeleton (D:14)
  A killer bee (D:8)
  3 wights (D:8)
  3 crimson imps
  3 howler monkeys
  3 jellies
  4 centaur zombies
  8 hounds
  7 orc priests
  22 orc wizards
  5 iguanas
  A killer bee zombie (D:5)
  9 worker ants
  A hound skeleton (D:3)
  2 hound zombies (D:10)
  A howler monkey zombie (D:5)
  16 gnolls
  A howler monkey skeleton (D:10)
  17 adders
  A shadow imp (D:13)
  2 oozes
  An adder skeleton (D:8)
  7 worms
  2 dart slugs (D:1)
  6 leopard geckos
  60 orcs
  9 giant cockroaches
  10 hobgoblins
  12 jackals
  7 kobolds
  4 quokkas
  3 ball pythons
  13 bats
  7 frilled lizards
  14 goblins
  A leopard gecko skeleton (D:4)
  A leopard gecko zombie (D:7)
  12 rats
  A withered plant (D:12)
437 creatures vanquished.

Vanquished Creatures (collateral kills)
  A catoblepas (D:12)
  A centaur warrior (D:11)
  Erica (D:8)
  The ghost of ivers0n the Conjurer, a novice HuCj of Vehumet (D:7)
  A hill giant (D:14)
  An obsidian statue (D:10)
  A swamp dragon (shapeshifter) (D:14)
  An orange crystal statue (D:10)
  2 harpies (D:12)
  An ugly thing (D:10)
  An orc sorcerer (Orc:2)
  A cyclops (D:11)
  A gargoyle (D:10)
  A centaur skeleton (D:12)
  2 basilisks (D:12)
  A wraith (D:13)
  5 yaks
  A hog (D:13)
  An orc warrior (D:12)
  2 ice beasts
  An ogre (D:6)
  3 bullfrogs
  2 orc priests (D:6)
  4 orc wizards
  An adder (D:6)
  2 orcs (D:6)
  2 jackals (D:6)
42 creatures vanquished.

Vanquished Creatures (others)
  A gargoyle (D:11)
  An efreet (D:15)
  A human (D:13)
  An orc warrior (D:10)
  A centaur (D:8)
  A wyvern skeleton (D:14)
  2 ball lightnings
  4 toadstools (D:1)
12 creatures vanquished.

Grand Total: 491 creatures vanquished

Notes
Turn   | Place    | Note
-------+----------+-------------------------------------------
     0 | D:1      | HouseofHex the Spriggan Fighter began the quest for the Orb.
     0 | D:1      | Reached XP level 1. HP: 11/11 MP: 2/2
    80 | D:1      | Reached XP level 2. HP: 4/16 MP: 3/3
   390 | D:1      | Reached skill level 1 in Stealth
   639 | D:1      | You fall through a shaft!
  1096 | D:1      | Reached XP level 3. HP: 16/19 MP: 4/4
  1140 | D:1      | Reached skill level 5 in Dodging
  1867 | D:2      | Reached XP level 4. HP: 17/23 MP: 5/5
  2888 | D:2      | Found a glowing golden altar of the Shining One.
  2902 | D:2      | Reached XP level 5. HP: 23/28 MP: 6/6
  4821 | D:4      | Got a crude great sword
  4824 | D:4      | Identified the cursed +0 great sword "Orb Guardian's Foe" {flame, *Contam +Rage Dex+4} (You found it on level 4 of the Dungeon)
  4934 | D:4      | Found Cuhitz's Jewellery Shop.
  4945 | D:4      | Bought a +1 ring of slaying for 84 gold pieces
  4969 | D:4      | Found a staircase to the Ecumenical Temple.
  4987 | D:4      | Reached XP level 6. HP: 32/32 MP: 7/7
  4995 | Temple   | Entered the Ecumenical Temple
  5052 | Temple   | Became a worshipper of Nemelex Xobeh the Trickster
  5151 | D:4      | Received a gift from Nemelex Xobeh
  5818 | D:5      | Entered Level 5 of the Dungeon
  6158 | D:5      | Noticed an ice beast
  6173 | D:5      | Killed an ice beast
  6173 | D:5      | Reached skill level 1 in Long Blades
  6173 | D:5      | Reached skill level 1 in Slings
  6173 | D:5      | Reached skill level 5 in Stealth
  6184 | D:5      | Noticed a slave
  6274 | D:5      | Killed a slave
  6360 | D:5      | Noticed a slave
  6360 | D:5      | Noticed a slave
  6480 | D:5      | Noticed a slave
  6501 | D:5      | Killed a slave
  6543 | D:5      | a slave changed into a bullfrog
  6571 | D:5      | Received a gift from Nemelex Xobeh
  6703 | D:5      | Killed a slave
  6808 | D:5      | Found a white marble altar of Elyvilon.
  6927 | D:5      | Reached XP level 7. HP: 20/36 MP: 8/8
  7697 | D:6      | Reached * piety under Nemelex Xobeh
  7812 | D:6      | Received a gift from Nemelex Xobeh
  8288 | D:6      | Noticed a yak
  8288 | D:6      | Noticed a yak
  8289 | D:6      | Noticed a yak
  8311 | D:6      | Reached skill level 5 in Slings
  8342 | D:6      | Noticed a shapeshifter
  8342 | D:6      | a yak changed into a shapeshifter
  8343 | D:6      | a shapeshifter changed into a swamp drake
  8344 | D:6      | Noticed a black mamba
  8344 | D:6      | a swamp drake changed into a black mamba
  8353 | D:6      | a black mamba changed into a soldier ant
  8372 | D:6      | Reached XP level 8. HP: 40/40 MP: 9/9
  8797 | D:6      | Reached skill level 1 in Invocations
  9021 | D:7      | Found a shadowy altar of Dithmenos.
  9022 | D:7      | Found a bloodstained altar of Trog.
  9528 | D:7      | Noticed ivers0n's ghost (novice HuCj)
  9555 | D:7      | Noticed Pikel
  9690 | D:7      | Killed Pikel
  9690 | D:7      | Reached XP level 9. HP: 43/45 MP: 10/10
 10863 | D:8      | Reached ** piety under Nemelex Xobeh
 10903 | D:8      | Found an opulent altar of Gozag.
 10922 | D:8      | Got a transparent short sword
 10923 | D:8      | Identified the +9 short sword "Imaenail" {pierce, rPois rN+ MR-} (You found it on level 8 of the Dungeon)
 11065 | D:8      | Received a gift from Nemelex Xobeh
 11074 | D:8      | Noticed Erica
 11157 | D:8      | Killed Erica
 11240 | D:8      | Noticed Psyche
 11242 | D:8      | Killed Psyche
 11242 | D:8      | Reached skill level 10 in Stealth
 11272 | D:8      | Reached skill level 5 in Fighting
 11706 | D:8      | Found a faded altar of an unknown god.
 11706 | D:8      | Found a faded altar of an unknown god.
 11713 | D:8      | Found a white marble altar of Elyvilon.
 11715 | D:8      | Found a faded altar of an unknown god.
 11717 | D:8      | Found an ancient bone altar of Kikubaaqudgha.
 12115 | D:9      | Reached XP level 10. HP: 51/51 MP: 12/12
 12147 | D:9      | Noticed Maurice
 12171 | D:9      | Reached skill level 5 in Short Blades
 12193 | D:9      | Killed Maurice
 12193 | D:9      | Reached skill level 10 in Slings
 12644 | D:9      | Received a gift from Nemelex Xobeh
 12692 | D:9      | Found a deep blue altar of Sif Muna.
 12780 | D:9      | Noticed Erolcha
 12781 | D:9      | Noticed Erolcha
 12781 | D:9      | Erolcha changed into Erolcha the sky beast
 12790 | D:9      | Killed Erolcha the sky beast
 13001 | D:10     | Entered Level 10 of the Dungeon
 13001 | D:10     | Reached *** piety under Nemelex Xobeh
 13120 | D:10     | Found a staircase to the Lair.
 13450 | D:10     | Noticed an obsidian statue
 13456 | D:10     | Noticed an orange demon
 13591 | D:10     | Received a gift from Nemelex Xobeh
 13591 | D:10     | Noticed an orange crystal statue
 13700 | D:10     | Noticed a sixfirhy
 13704 | D:10     | Killed an obsidian statue
 13828 | D:10     | Found a staircase to the Orcish Mines.
 13828 | D:10     | Found Xotar's Armour Shoppe.
 14084 | D:10     | Found a flagged portal.
 14408 | D:10     | Killed an orange crystal statue
 14408 | D:10     | Reached XP level 11. HP: 56/56 MP: 4/13
 14506 | Lair:1   | Entered Level 1 of the Lair of Beasts
 14557 | Lair:1   | Received a gift from Nemelex Xobeh
 14770 | Lair:1   | Learned a level 1 spell: Animate Skeleton
 15099 | Lair:1   | Noticed Nergalle
 15105 | Lair:1   | Noticed a spectral orc warlord
 15115 | Lair:1   | Noticed a spectral orc warlord
 15333 | Orc:1    | Entered Level 1 of the Orcish Mines
 15581 | Orc:2    | Entered Level 2 of the Orcish Mines
 15581 | Orc:2    | Reached **** piety under Nemelex Xobeh
 15581 | Orc:2    | Noticed an orc sorcerer
 15588 | Orc:2    | Killed an orc sorcerer
 15830 | D:11     | Received a gift from Nemelex Xobeh
 15848 | D:11     | Reached skill level 1 in Spellcasting
 15872 | D:11     | Noticed a centaur warrior
 15894 | D:11     | Killed a centaur warrior
 15945 | D:11     | Learned a level 4 spell: Animate Dead
 16383 | D:11     | Noticed a white ugly thing
 16421 | D:10     | Killed a white ugly thing
 16957 | D:4      | Bought a +5 ring of evasion for 770 gold pieces
 17156 | D:7      | Killed ivers0n's ghost
 18195 | D:11     | Noticed a hill giant
 18240 | D:11     | Killed a hill giant
 18478 | D:11     | Noticed a hill giant
 18509 | D:11     | Killed a hill giant
 18721 | D:11     | Noticed a tengu warrior
 18802 | D:11     | Killed a tengu warrior
 19001 | D:12     | You fall through a shaft for 2 floors!
 19237 | D:13     | Noticed a cyan ugly thing
 19310 | D:13     | Reached XP level 12. HP: 62/63 MP: 15/15
 19324 | D:13     | Noticed Josephine
 19377 | D:13     | You fall through a shaft for 2 floors!
 19377 | D:15     | Entered Level 15 of the Dungeon
 19404 | D:15     | Noticed a six-headed hydra
 19429 | D:15     | Gained mutation: You are agile. (Dex +2) [potion of mutation]
 19429 | D:15     | Lost mutation: You are agile. (Dex +2) [potion of mutation]
 19429 | D:15     | Gained mutation: You can translocate small distances at will. [potion of mutation]
 19453 | D:15     | Found a portal to a secret trove of treasure.
 19468 | D:15     | Received a gift from Nemelex Xobeh
 19861 | D:14     | Noticed a tengu warrior
 19917 | D:14     | Killed a tengu warrior
 19988 | D:14     | Found Gumelas's Antique Armour Emporium.
 20036 | D:14     | Noticed a centaur warrior
 20040 | D:14     | Noticed Urug
 20107 | D:14     | Noticed a centaur warrior
 20334 | D:13     | Received a gift from Nemelex Xobeh
 20619 | D:12     | Got a pitted flail
 20621 | D:12     | Identified the +10 flail of the Sea {freeze, SInv} (You found it on level 12 of the Dungeon)
 21016 | D:12     | Got a translucent leather armour
 21042 | D:12     | Received a gift from Nemelex Xobeh
 21429 | D:12     | Noticed a catoblepas
 21784 | D:12     | Reached skill level 5 in Shields
 21935 | D:12     | Killed a catoblepas
 22396 | D:13     | Noticed Kirke
 22424 | D:13     | Found a gate to the Vaults.
 22424 | D:13     | Noticed a vault guard
 22487 | D:13     | Reached skill level 1 in Necromancy
 22539 | D:13     | Killed Josephine
 22698 | D:13     | Noticed Snorg
 23354 | D:13     | Reached ***** piety under Nemelex Xobeh
 23455 | D:13     | Noticed a sphinx
 23840 | D:13     | Killed Snorg
 24081 | D:13     | Killed Kirke
 24081 | D:13     | Reached XP level 13. HP: 69/69 MP: 19/19
 24515 | D:14     | Reached skill level 10 in Dodging
 24960 | D:14     | Noticed a ghost moth
 25015 | D:14     | Killed a ghost moth
 25843 | D:14     | Received a gift from Nemelex Xobeh
 26214 | D:14     | Killed Urug
 26730 | D:14     | Learned a level 4 spell: Control Undead
 27086 | D:14     | Reached skill level 5 in Spellcasting
 27161 | D:14     | Learned a level 3 spell: Regeneration
 27497 | D:15     | Hit by a large rock thrown by a cyclops

Skill      XL: |  1  2  3  4  5  6  7  8  9 10 11 12 13 |
---------------+----------------------------------------+-----
Stealth        | 1 2 3 4 5 6 8 10 12 13 | 13.6
Dodging        | 5 6 7 8 9 10 | 10.8
Short Blades   | 3 4 6 7 8 9 |  9.5
Fighting       | 3 4 5 6 7 8 9 |  9.1
Long Blades    | 1 2 3 |  3.6
Slings         | 2 5 7 9 11 12 13 | 13.7
Invocations    | 1 2 3 4 |  4.2
Shields        | 3 4 5 6 |  6.9
Spellcasting   | 1 3 5 |  5.0
Necromancy     | 2 3 |  3.8
Evocations     | |  0.3

Action                   |  1- 3 |  4- 6 |  7- 9 | 10-12 | 13-15 || total
-------------------------+-------+-------+-------+-------+-------++-------
Melee: Rapier            |   158 |   246 |       |       |       ||   404
       Falchion          |       |    47 |    86 |       |       ||   133
       Short sword       |       |       |     8 |   366 |   194 ||   568
       Dagger            |       |       |       |    15 |       ||    15
       Scimitar          |       |       |       |     4 |       ||     4
       Flail             |       |       |       |     2 |       ||     2
 Fire: Hunting sling     |       |   131 |   290 |   741 |   244 ||  1406
Throw: Tomahawk          |       |     4 |       |       |       ||     4
 Cast: Animate Skeleton  |       |       |       |    24 |    20 ||    44
       Animate Dead      |       |       |       |       |     7 ||     7
Invok: Triple Draw       |       |       |       |     2 |       ||     2
 Abil: Blink             |       |       |       |    15 |     3 ||    18
Evoke: Deck              |       |    11 |    25 |    54 |       ||    90
       Wand              |       |       |       |     4 |       ||     4
  Use: Scroll            |     1 |    11 |    11 |    27 |     1 ||    51
       Potion            |       |     1 |     2 |     9 |     2 ||    14
 Stab: Sleeping          |     6 |     5 |     3 |     2 |       ||    16
       Petrified         |       |       |     1 |       |       ||     1
       Distracted        |       |       |       |     3 |     2 ||     5
  Eat: Bread ration      |       |     1 |       |     1 |       ||     2
       Fruit             |       |       |     3 |     7 |     2 ||    12
       Pizza             |       |       |       |       |     1 ||     1
Armor: Robe              |     6 |    20 |     3 |    25 |     9 ||    63
Dodge: Dodged            |   100 |   203 |    71 |   307 |    99 ||   780
Block: Buckler           |    39 |    93 |    48 |   203 |    66 ||   449
       Reflection        |       |       |       |       |     3 ||     3
       Rpst.: Falchion   |       |    10 |    19 |       |       ||    29
       Scimitar          |       |       |       |     2 |       ||     2
